 Dungeon Crawl Stone Soup version 0.23-a0-307-gc3b755d (webtiles) character file.

66 namelastname112 the Conjurer (level 3, -1/28 HPs)
             Began as a Draconian Conjurer on Oct 10, 2018.
             Blown up by Ijyb (2 damage)
             ... with a wand of disintegration (4)
             ... on level 2 of the Dungeon.
             The game lasted 00:05:18 (1649 turns).

namelastname112 the Conjurer (Draconian Conjurer)   Turns: 1649, Time: 00:05:19

Health: -1/28      AC:  7    Str: 10    XL:     3   Next: 96%
Magic:  0/7        EV: 12    Int: 16    God:
Gold:   123        SH:  0    Dex: 11    Spells: 4/7 levels left

rFire    . . .     SeeInvis .   e - +1 dagger
rCold    . . .     Gourm    .   (no shield)
rNeg     . . .     Faith    .   (armour unavailable)
rPois    +         Spirit   .   (helmet restricted)
rElec    .         Reflect  .   h - +1 cloak {rPois}
rCorr    .         Harm     .   (no gloves)
MR       .....                  (no boots)
Stlth    ++........             (no amulet)
HPRegen  0.09/turn              (no ring)
MPRegen  0.10/turn              (no ring)

@: no status effects
A: unfitting armour, cold-blooded, AC +5
a: no special abilities


You were on level 2 of the Dungeon.
You were not hungry.

You visited 1 branch of the dungeon, and saw 3 of its levels.

You collected 123 gold pieces.

Inventory:

Hand Weapons
 e - a +1 dagger (weapon)
Armour
 h - a +1 cloak of poison resistance (worn)
Scrolls
 f - a scroll of amnesia
 j - a scroll of remove curse {unknown}
Potions
 d - 2 potions of flight
Comestibles
 a - 2 chunks of flesh
 b - 5 rations


   Skills:
 + Level 1.3 Fighting
 + Level 2.2 Dodging
 - Level 1.7 Stealth
 * Level 2.8 Spellcasting
 * Level 4.5 Conjurations


You had 4 spell levels left.
You knew the following spells:

 Your Spells              Type           Power        Failure   Level  Hunger
x - Searing Ray           Conj           ###...       4%          2    ##.....
z - Magic Dart            Conj           ###.         3%          1    #......

Your spell library contained the following spells:

 Spells                   Type           Power        Failure   Level  Hunger
 Dazzling Spray           Conj/Hex       #.....       22%         3    ###....
 Iskenderun's Mystic Bla  Conj           ###.....     28%         4    #####..
 Force Lance              Conj/Tloc      #.......     58%         4    #####..
 Fulminant Prism          Conj/Hex       #.........   58%         4    #####..


Dungeon Overview and Level Annotations

Branches:
Dungeon (3/15)

Altars:
Wu Jian

Annotations:
D:2 Ijyb
D:3 Robin


Innate Abilities, Weirdness & Mutations

Your plain brown scales are hard. (AC +5)
You cannot fit into any form of body armour.
You are cold-blooded and may be slowed by cold attacks.


Message History

You take 2 damage, and have 23/28 hp.
Unknown command.
Unknown command.
Unknown command.
You hit Ijyb but do no damage.
Your tail-slap misses Ijyb.
Ijyb is lightly wounded.
Ijyb barely misses you.
You barely miss Ijyb. You tail-slap Ijyb, but do no damage.
Ijyb is lightly wounded.
Ijyb screams, "Die!"
Ijyb hits you but does no damage.
Ijyb zaps a wand.
You are blasted!
Ouch! That really hurt!
* * * LOW HITPOINT WARNING * * *
You take 22 damage, and have 1/28 hp.
MASSIVE DAMAGE!!
Unknown command.
Unknown command.
Okay, then.
Ijyb zaps a wand.
You are blasted!
You die...

#..## ##.....#)#
#.# ##..##
#.....#.# ##.#
###..#
##......###..# #
##.# #..........##
####.#
#..###.##..#
..##.##
#...##.#####
..##..## ##.#.##.#
..###..###.g#.##.#
#.............##@#
##........##..##.#
...#####...#...#.#
########.......#g#
..##.....####..#>#
..........###...<#
...........#####.#
...........# ###
........>..#


You could see Ijyb.

Vanquished Creatures
  2 adders (D:2)
  A worm (D:2)
  A leopard gecko (D:1)
  A ball python (D:1)
  7 giant cockroaches
  9 goblins
  3 hobgoblins
  3 kobolds
  5 bats
  4 frilled lizards
  8 rats
44 creatures vanquished.

Notes
Turn   | Place    | Note
-------+----------+-------------------------------------------
     0 | D:1      | namelastname112 the Draconian Conjurer began the quest for
                  | the Orb.
     0 | D:1      | Reached XP level 1. HP: 14/14 MP: 3/3
     0 | D:1      | Malog: эти визарды заебали появляться на д3
     0 | D:1      | namelastname112: да визарды хуй с ним
     0 | D:1      | namelastname112: вот присты
   351 | D:1      | Malog: они чё разные
   352 | D:1      | Reached XP level 2. HP: 11/22 MP: 1/5
   358 | D:1      | Malog: >играет 6 лет
   518 | D:1      | Malog: >не знает этого
   518 | D:1      | namelastname112: лол бля
   518 | D:1      | namelastname112: ну присты своих хилят и смайтят
   518 | D:1      | namelastname112: а визарды просто пидоры
   583 | D:1      | Malog: беогху молись хули
   595 | D:1      | Malog: орки будут ручные
   683 | D:1      | Learned a level 2 spell: Searing Ray
   910 | D:2      | Reached skill level 1 in Fighting
   910 | D:2      | Reached XP level 3. HP: 22/28 MP: 0/6
  1200 | D:2      | Found an ornate altar of the Wu Jian Council.
  1473 | D:3      | Noticed Ijyb
  1477 | D:3      | Noticed Robin
  1502 | D:2      | Malog: охуенный конечно новый уник
  1502 | D:2      | Malog: гоблинами кидается блять
  1644 | D:2      | Malog: мне кажется
  1645 | D:2      | Malog: он не ощутил
  1648 | D:2      | HP: 1/28 [disintegration (22)]
  1649 | D:2      | Blown up by Ijyb

Vault maps used:
D:1:      evilmike_arrival_rings
D:2:      nicolae_overflow_crystal_walls, roderic_nine_men_s_morris
D:3:      lemuel_coloured_pillars_altar, first_ration, uniq_ijyb, uniq_robin

Skill      XL: |  1  2 |
---------------+-------+-----
Dodging        | 2 |  2.2
Fighting       | 1 |  1.3
Stealth        | |  1.7
Spellcasting   | |  2.8
Conjurations   | |  4.5

Action                   || total
-------------------------++-------
Melee: Dagger            ||    70
       Unarmed           ||    10
       Tailslap          ||    14
 Cast: Magic Dart        ||    70
       Searing Ray       ||     4
  Use: Scroll            ||     5
       Potion            ||     3
 Stab: Sleeping          ||     1
  Eat: Chunk             ||     3
Armor: Skin              ||    30
Dodge: Dodged            ||    79

Table legend:
 A = Non-vault XP
 B = Vault XP
 C = Vault XP percentage of total XP
 D = Non-vault monster count
 E = Vault monster count
 F = Vault count percentage of total count
                 A         B        C        D         E       F
            +---------+---------+-------+---------+---------+-------
      Total |      92 |       3 |   3.2 |      42 |       2 |   4.5
            +---------+---------+-------+---------+---------+-------
        D:1 |      32 |       1 |   3.0 |      22 |       1 |   4.3
        D:2 |      60 |       0 |   0.0 |      20 |       0 |   0.0
        D:3 |       0 |       2 | 100.0 |       0 |       1 | 100.0
            +---------+---------+-------+---------+---------+-------
